 Dungeon Crawl Stone Soup version 0.27.0-1-g7a089689b8 (webtiles) character file.

Game seed: 13256016214096143788

18 horus123 the Poker (level 2, 0/23 HPs)
             Began as a Merfolk Gladiator on Aug 1, 2021.
             Slain by an adder (2 damage)
             ... on level 2 of the Dungeon.
             The game lasted 00:01:25 (845 turns).

horus123 the Poker (Merfolk Gladiator)               Turns: 845, Time: 00:01:26

Health: 0/23       AC:  4    Str: 14    XL:     2   Next: 70%
Magic:  2/2        EV: 13    Int:  7    God:
Gold:   42         SH:  0    Dex: 15    Spells: 1/1 levels left

rFire    . . .     SeeInvis .   a - +0 trident
rCold    . . .     Faith    .   (no shield)
rNeg     . . .     Spirit   .   b - +0 leather armour
rPois    .         Reflect  .   c - +0 helmet
rElec    .         Harm     .   (no cloak)
rCorr    .         Rampage  .   (no gloves)
Will     .....                  (no boots)
Stlth    +.........             (no amulet)
HPRegen  0.07/turn              (no ring)
MPRegen  0.08/turn              (no ring)

@: no status effects
A: (nimble swimmer 2), mertail
a: no special abilities


You were on level 2 of the Dungeon.
You visited 1 branch of the dungeon, and saw 2 of its levels.

You collected 42 gold pieces.

Inventory:

Hand Weapons
 a - a +0 trident (weapon)
Missiles
 d - 3 throwing nets (quivered)
Armour
 b - a +0 leather armour (worn)
 c - a +0 helmet (worn)
Scrolls
 e - a scroll of torment {unknown}
 f - a scroll of enchant weapon {unknown}
 g - a scroll of fear {unknown}


   Skills:
 + Level 2.4 Fighting
 + Level 4.8 Polearms
 + Level 2.1 Throwing
 + Level 0.4 Armour
 + Level 4.3 Dodging


You had one spell level left.
You didn't know any spells.
Your spell library was empty.

Dungeon Overview and Level Annotations

Branches:
Dungeon (2/15)

Altars:

Shops:
D:1 (:=(*


Innate Abilities, Weirdness & Mutations

((You are quick and stealthy near water. (Stealth+, EV+, Speed+++)))
Your lower body shifts to a powerful aquatic tail in water.


Message History

The hobgoblin shouts!
A hobgoblin comes into view.
The hobgoblin hits you.
Found 8 gold pieces.
You closely miss the hobgoblin.
The hobgoblin hits you but does no damage.
The hobgoblin shouts!
You hit the hobgoblin.
You kill the hobgoblin!
You hear an angry hiss.
An adder comes into view.
The goblin hits you but does no damage.
A dart slug comes into view.
Unknown command.
You closely miss the goblin. The goblin misses you.
You closely miss the goblin. The goblin barely misses you.
You puncture the goblin!
You kill the goblin!
You puncture the endoplasm!
You kill the endoplasm!
You puncture the hobgoblin!
You kill the hobgoblin!
You miss the adder. The adder bites you.
* * * LOW HITPOINT WARNING * * *
The endoplasm freezes you.
You are frozen.
* * * LOW HITPOINT WARNING * * *
The adder barely misses you.
You hit the endoplasm.
The endoplasm is moderately wounded.
The adder barely misses you. The endoplasm misses you.
You hit the endoplasm.
You kill the endoplasm!
The adder bites you but does no damage. The adder bites you.
* * * LOW HITPOINT WARNING * * *
You hit the adder.
The adder is lightly wounded.
The adder bites you.
You die...

....J ###..####
(.......#######
........>.....#
####.##†.####.#
#. #..<....#
#.##..######
#..#........
#@#...#####
#S....# ##w#.##
.......
###..[### ##..#
$.# ..# ...


You could see an adder and a dart slug.

Vanquished Creatures
  A worm (D:2)
  A ball python (D:1)
  5 endoplasms
  2 goblins
  3 hobgoblins
  A rat (D:2)
13 creatures vanquished.

Notes
Turn   | Place    | Note
-------+----------+-------------------------------------------
     0 | D:1      | horus123 the Merfolk Gladiator began the quest for the Orb.
     0 | D:1      | Reached XP level 1. HP: 16/16 MP: 1/1
    14 | D:1      | Found Sywnyag's Assorted Antiques.
    58 | D:1      | Found Qum Biuj's Weapon Shoppe.
   156 | D:1      | Found Giuwux's Antique Weapon Shoppe.
   224 | D:1      | Found Amnoedet's Jewellery Shoppe.
   255 | D:1      | Found Ekesh's Book Boutique.
   295 | D:1      | Found a faded altar of an unknown god.
   696 | D:1      | Reached XP level 2. HP: 21/22 MP: 2/2
   845 | D:2      | Slain by an adder

Illustrated notes

Levels and vault maps discovered:
D:1:      minmay_arrival_solitary_statue, layout_loops_cross,
          hellmonk_ecumenical_altar_leap_of_faith, serial_shops, shop_fountains,
          shop, nicolae_shop_stone, nicolae_shop_trees,
          nicolae_shop_window_shopping, minmay_misc_feat_five
D:2:      layout_basic

Action                   || total
-------------------------++-------
Melee: Trident           ||    55
 Stab: Sleeping          ||     1
Armor: Leather armour    ||    13
Dodge: Dodged            ||    30
